 Dungeon Crawl Stone Soup version 0.31.0-11-ge490571c62 (webtiles) character file.

Game seed: 2504502767232234676

131 Flugkiller the Trooper (level 4, 42/42 HPs)
             Began as a Minotaur Fighter on Jan 29, 2024.
             Was a Follower of Kikubaaqudgha.
             Quit the game on level 3 of the Dungeon.
             The game lasted 00:00:55 (2903 turns).

Flugkiller the Trooper (Minotaur Fighter)           Turns: 2903, Time: 00:00:56

Health: 42/42      AC:  7    Str: 23    XL:     4   Next: 91%
Magic:  3/3        EV:  9    Int:  5    God:    Kikubaaqudgha [*.....]
Gold:   173        SH:  4    Dex:  9    Spells: 3/3 levels left

rFire   . . .        a - +0 war axe
rCold   . . .        c - +0 buckler
rNeg    . . .        b - +0 scale mail
rPois   .            (helmet restricted)
rElec   .            (no cloak)
rCorr   .            (no gloves)
SInv    .            (no boots)
Will    .....        (no amulet) Stlth
                     (no ring)
HPRegen 0.27/turn    (no ring)
MPRegen 0.08/turn

%: no passive effects
@: no status effects
A: horns 2, retaliatory headbutt
a: Renounce Religion, Unearth Wretches


You were on level 3 of the Dungeon.
You worshipped Kikubaaqudgha.
Kikubaaqudgha was aware of your devotion.
You visited 1 branch of the dungeon, and saw 3 of its levels.

You collected 173 gold pieces.

Inventory:

Hand Weapons
 a - a +0 war axe (weapon)
Armour
 b - a +0 scale mail (worn)
 c - a +0 buckler (worn)
Jewellery
 g - an amulet of reflection
   (You found it on level 1 of the Dungeon)
Scrolls
 e - a scroll of blinking {unknown}
 f - 2 scrolls of teleportation {unknown}
 h - 2 scrolls of identify {unknown}
Potions
 d - 2 potions of might
 i - a potion of mutation {unknown}
 j - 3 potions of heal wounds {unknown}
 k - a potion of curing {unknown}


   Skills:
 * Level 5.0 Fighting
 * Level 4.1 Axes
 + Level 4.2 Armour
 + Level 4.3 Shields


You had 3 spell levels left.
You didn't know any spells.
Your spell library contained the following spells:

 Spells                   Type           Power      Damage    Failure   Level
 Kiss of Death            Conj/Necr      0%         2d5       85%         1
 Necrotise                Necr           0%         1d4       85%         1
 Cigotuvi's Dreadful Rot  Necr/Alch/Air  0%         N/A       94%         2
 Animate Dead             Necr           0%         N/A       100%        4


Dungeon Overview and Level Annotations

Branches:
Dungeon (3/15)

Altars:
Kikubaaqudgha
Makhleb


Innate Abilities, Weirdness & Mutations

You have a pair of horns on your head.
You reflexively headbutt those who attack you in melee.


Message History

The orc is heavily wounded.
You slash the frilled lizard!
You kill the frilled lizard!
The orc closely misses you.
You hit the orc.
You kill the orc!
Found a ring mail.
No target in view!
A giant cockroach comes into view.
A giant cockroach is nearby!
You hit the giant cockroach.
Your headbutt misses the giant cockroach.
The giant cockroach is moderately wounded.
The giant cockroach barely misses you. You furiously retaliate!
You headbutt the giant cockroach.
An orc comes into view. It is wielding a +0 morningstar.
The giant cockroach barely misses you.
The orc shouts!
You slash the giant cockroach!
You kill the giant cockroach!
The orc barely misses you. You furiously retaliate!
You headbutt the orc.
An orc is nearby!
You slash the orc!
You kill the orc!
Found a whip.
No target in view!
No target in view!
You see here a +0 whip.
A hobgoblin comes into view.
The hobgoblin shouts!
A hobgoblin is nearby!
A hobgoblin is nearby!
The hobgoblin closely misses you. You furiously retaliate!
You headbutt the hobgoblin!
You kill the hobgoblin!
No target in view!
No target in view!
No target in view!
No target in view!
No target in view!
You see here a +0 dagger.
A frilled lizard comes into view.
The frilled lizard hisses angrily.
A frilled lizard is nearby!
A frilled lizard is nearby!
The frilled lizard closely misses you.
You slash the frilled lizard!
You kill the frilled lizard!
No target in view!
No target in view!
No target in view!
A frilled lizard comes into view.
The frilled lizard hisses angrily.
An adder comes into view.
There are monsters nearby!
There are monsters nearby!
The adder barely misses you.
You miss the adder. You headbutt the adder!
You kill the adder!
Your Fighting skill increases to level 5!
You miss the frilled lizard.
Your headbutt misses the frilled lizard.
The frilled lizard closely misses you. You furiously retaliate!
You headbutt the frilled lizard.
You kill the frilled lizard!
No target in view!
No target in view!
No target in view!
No target in view!
No target in view!
You see here a frilled lizard corpse.
You see here a +0 ring mail.
You open the door.
A rat comes into view.
The rat squeaks loudly.
Found 5 stones.
Found a faded altar of an unknown god.
There is an open door here.
A rat is nearby!
A rat is nearby!
The rat closely misses you.
You slash the rat!
You kill the rat!
No target in view!
No target in view!
No target in view!
No target in view!
No target in view!
No target in view!
Found a burning altar of Makhleb.
Found a stone staircase leading down.
There is a faded altar of an unknown god here.
This altar belongs to (a) Xom, (b) Cheibriados or (c) Kikubaaqudgha, but you can't tell which.
Press the corresponding letter to learn more about a god, or press enter to convert or escape to cancel.
Okay, then.
This altar belongs to (a) Xom, (b) Cheibriados or (c) Kikubaaqudgha, but you can't tell which.
Press the corresponding letter to learn more about a god, or press enter to convert or escape to cancel.
Kikubaaqudgha accepts your prayer! Kikubaaqudgha welcomes you!
You can now bring forth the wretched and dying.
Kikubaaqudgha grants you a gift!
You add the spells Kiss of Death, Necrotise, Cigotuvi's Dreadful Rot and Animate Dead to your library.
Are you sure you want to abandon this character and quit the game? (Confirm with "yes".)

.......#####..#.#.#.####.##.#
#####.......................#
...###.#####.....##'##......#
..............8.##..(##.8...#
##.###.........##.....##....#
##.# #........##....#####...#
##.# #.#.....##....##⌠.⌠##.##
##.# #.#.....#.....#.....#.#
##.. ..#...#.#..@..#.._..#.#
########...#.#.....#.....#.#
#.........##.##⌠.⌠##....##.#
#.##..........#####....##..#
#.##.#####.....# ...##...##
#.##.### #.#..8.# >.##.8...#
#....#.# #.#.....#####......#
######.# #.#................#
.......###.####.#########.#.#


There were no monsters in sight!

Vanquished Creatures
  4 adders
  2 dart slugs (D:2)
  3 orcs (D:3)
  8 endoplasms
  5 giant cockroaches
  5 goblins
  5 hobgoblins
  8 jackals
  6 quokkas
  4 ball pythons
  7 bats
  7 frilled lizards
  11 kobolds
  5 rats
80 creatures vanquished.

Notes
Turn   | Place    | Note
-------+----------+-------------------------------------------
     0 | D:1      | Flugkiller the Minotaur Fighter began the quest for the
                  | Orb.
     0 | D:1      | Reached XP level 1. HP: 19/19 MP: 0/0
   148 | D:1      | Reached XP level 2. HP: 25/27 MP: 1/1
   255 | D:1      | Reached skill level 4 in Fighting
   750 | D:1      | Reached XP level 3. HP: 33/33 MP: 2/2
  1572 | D:2      | Reached XP level 4. HP: 37/41 MP: 3/3
  1809 | D:2      | Found a faded altar of an unknown god.
  2726 | D:3      | Reached skill level 5 in Fighting
  2893 | D:3      | Found a faded altar of an unknown god.
  2898 | D:3      | Found a burning altar of Makhleb.
  2902 | D:3      | Prayed at the altar of an unknown god.
  2902 | D:3      | Became a worshipper of Kikubaaqudgha
  2902 | D:3      | Reached * piety under Kikubaaqudgha
  2902 | D:3      | Received a gift from Kikubaaqudgha
  2903 | D:3      | Quit the game

Illustrated notes

Levels and vault maps discovered:
D:1:      dpeg_arrival_boxes_within_box, layout_basic, glass_columns_c
D:2:      layout_loops_ring, shapermc_ecumenical_altar_notcrosses,
          dk_noncrumbling_3, minmay_quadrilaterals
D:3:      layout_basic, nicolae_overflow_ecumenical_swirl

Skill      XL: |  1  2  3  4 |
---------------+-------------+-----
Fighting       | 4 5 |  5.0
Axes           | 3 4 |  4.1
Shields        | 4 |  4.3
Armour         | 4 |  4.2

Action                     |  1- 3 |  4- 6 || total
---------------------------+-------+-------++-------
  Melee: War axe           |   101 |    47 ||   148
         Headbutt          |    12 |     3 ||    15
 Armour: Scale mail        |    72 |    25 ||    97
  Dodge: Dodged            |    51 |    24 ||    75
  Block: Buckler           |    24 |    10 ||    34
